 Dungeon Crawl Stone Soup version 0.30-a0-149-g7f746667c4 (webtiles) character file.

Game seed: 321868609531283009

70 LnG the Caller (level 4, -6/24 HPs)
             Began as a Kobold Summoner on Sept 26, 2022.
             Killed from afar by Natasha (9 damage)
             ... with a magic dart
             ... on level 2 of the Dungeon.
             The game lasted 00:06:07 (2112 turns).

LnG the Caller (Kobold Summoner)                    Turns: 2112, Time: 00:06:07

Health: -6/24      AC:  2    Str:  5    XL:     4   Next: 44%
Magic:  8/8        EV: 15    Int: 18    God:
Gold:   116        SH:  0    Dex: 15    Spells: 2/8 levels left

rFire   . . .      SeeInvis .    i - +0 dagger
rCold   . . .      Faith    .    (no shield)
rNeg    . . .      Spirit   .    a - +0 robe
rPois   .          Reflect  .    (no helmet)
rElec   .          Harm     .    (no cloak)
rCorr   .          Rampage  .    (no gloves)
Will    .....                    (no boots)
Stlth   +++.......               (no amulet)
HPRegen 0.08/turn                (no ring)
MPRegen 0.11/turn                (no ring)

@: no status effects
A: small, no large weapons, nightstalker 3
a: no special abilities


You were on level 2 of the Dungeon.
You visited 1 branch of the dungeon, and saw 2 of its levels.

You collected 116 gold pieces.

Inventory:

Hand Weapons
 h - a +0 short sword
 i - a +0 dagger (weapon)
 l - the +9 flail "Ontita" {pain, rN+ Will++ Dex-2}
   (You found it on level 2 of the Dungeon)

   In the hands of one skilled in necromantic magic, it inflicts extra damage on
   living creatures.
   Dex:       It affects your dexterity (-2).
   rN:        It protects you from negative energy.
   Will:      It greatly increases your willpower.
Armour
 a - a +0 robe (worn)
Scrolls
 c - a scroll of identify {unknown}
 d - a scroll of vulnerability {unknown}
 e - a scroll of noise {unknown}
 g - a scroll of torment {unknown}
 j - a scroll of fear {unknown}
 k - a scroll of enchant weapon {unknown}
Potions
 b - a potion of magic
 f - 2 potions of curing {unknown}


   Skills:
 + Level 0.4 Short Blades
 + Level 3.2 Dodging
 + Level 3.4 Stealth
 + Level 0.3 Unarmed Combat
 + Level 2.8 Spellcasting
 + Level 4.5 Summonings


You had 2 spell levels left.
You knew the following spells:

 Your Spells              Type           Power      Damage    Failure   Level
a - Summon Small Mammal   Summ           76%        N/A       2%          1
b - Call Imp              Summ           19%        N/A       3%          2
c - Call Canine Familiar  Summ           19%        N/A       8%          3

Your spell library contained the following spells:

 Spells                   Type           Power      Damage    Failure   Level
 Summon Guardian Golem    Hex/Summ       10%        N/A       19%         3
 Summon Lightning Spire   Summ/Air       10%        N/A       54%         4


Dungeon Overview and Level Annotations

Branches:
Dungeon (2/15)

Altars:

Shops:
D:1 =

Annotations:
D:2 Natasha


Innate Abilities, Weirdness & Mutations

You are small and have problems with some larger weapons.
You are completely attuned to the shadows.


Message History

No target in view!
You start resting.
Magic restored.
You start resting.
Your hound disappears in a puff of smoke!
HP restored.
i - a +0 dagger (weapon)
Natasha, Servant of Life and Death comes into view.
The helpless Natasha fails to defend herself.
You puncture Natasha!
Natasha is almost dead.
Natasha mumbles some strange words.
You hit Natasha.
Natasha is almost dead.
Natasha drinks a potion.
Natasha seems to speed up.
The shadow imp gestures at you. Pain shoots through your body!
Ouch! That really hurt!
You hit Natasha but do no damage.
Natasha is almost dead.
Natasha closely misses you. Natasha claws you.
* * * LOW HITPOINT WARNING * * *
You barely miss Natasha.
Natasha is almost dead.
Natasha claws you.
* * * LOW HITPOINT WARNING * * *
The shadow imp hits you.
* * * LOW HITPOINT WARNING * * *
You closely miss Natasha.
Natasha is almost dead.
Natasha casts a spell at you. You resist with some effort.
Natasha closely misses you.
You closely miss Natasha.
Natasha is almost dead.
The shadow imp barely misses you. Natasha closely misses you.
You completely miss Natasha.
Natasha is almost dead.
Natasha stares at you and mumbles some strange words.
The magic dart hits you!
You die...

###... ......#
##....# .#....#
......# #......
#..>... .#########
#..###. ......#.h...
#..###.........#@5...
#....+.........#.....
...###...............
...# #...............
...###........##.....
....##......####.....
.....##..†.## ....
...#.#..#.##
####...##.#


You could see Natasha (fast) and a shadow imp (summoned).

Vanquished Creatures
  2 adders (D:2)
  4 bats (D:1)
  3 endoplasms
  A giant cockroach (D:1)
  2 goblins
  A hobgoblin (D:1)
  2 jackals (D:1)
  A quokka (D:1)
  2 ball pythons (D:2)
  A frilled lizard (D:1)
  4 kobolds (D:1)
23 creatures vanquished.

Vanquished Creatures (collateral kills)
  2 worms (D:2)
  2 endoplasms
  3 giant cockroaches (D:1)
  A hobgoblin (D:1)
  2 jackals (D:1)
  A kobold (D:2)
  3 quokkas (D:1)
  A ball python (D:1)
  2 bats (D:1)
  A frilled lizard (D:1)
  2 rats (D:1)
20 creatures vanquished.

Grand Total: 43 creatures vanquished

Notes
Turn   | Place    | Note
-------+----------+-------------------------------------------
     0 | D:1      | LnG the Kobold Summoner began the quest for the Orb.
     0 | D:1      | Reached XP level 1. HP: 10/10 MP: 3/3
   252 | D:1      | Found Rooguod's One-of-a-Kind Rings.
   287 | D:1      | Reached XP level 2. HP: 15/15 MP: 1/5
   290 | D:1      | Learned a level 2 spell: Call Imp
   638 | D:1      | Found a faded altar of an unknown god.
   960 | D:1      | Reached XP level 3. HP: 19/19 MP: 6/6
  1354 | D:1      | Learned a level 3 spell: Call Canine Familiar
  1590 | D:2      | Reached XP level 4. HP: 24/24 MP: 8/8
  1988 | D:2      | Identified the +9 flail "Ontita" {pain, rN+ Will++ Dex-2}
  2102 | D:2      | Noticed Natasha
  2112 | D:2      | Killed from afar by Natasha

Illustrated notes

Levels and vault maps discovered:
D:1:      amcnicky_arrival_choice, layout_loops_cross,
          shapermc_ecumenical_altar_totnotflames, nicolae_shop_unique_rings,
          minmay_tromino_v4_c
D:2:      layout_basic, uniq_natasha

Skill      XL: |  1  2  3  4 |
---------------+-------------+-----
Stealth        | 3 |  3.4
Dodging        | 3 |  3.2
Short Blades   | |  0.4
Unarmed Combat | |  0.3
Spellcasting   | |  2.8
Summonings     | |  4.5

Action                   |  1- 3 |  4- 6 || total
-------------------------+-------+-------++-------
Melee: Unarmed           |    36 |       ||    36
       Short sword       |     9 |       ||     9
       Dagger            |    25 |    36 ||    61
       Flail             |       |     3 ||     3
 Cast: Summon Small Mamm |    27 |     2 ||    29
       Call Imp          |     1 |     1 ||     2
       Call Canine Famil |       |     1 ||     1
 Stab: Sleeping          |    12 |     2 ||    14
       Distracted        |     1 |       ||     1
Armor: Robe              |    16 |     3 ||    19
Dodge: Dodged            |    80 |    34 ||   114

Table legend: (Time is in decaauts)
 A = Elapsed time spent in this place.
 B = Non-inter-level travel time spent in this place.
 C = Inter-level travel time spent in this place.
 D = Time resting spent in this place.
 E = Time spent auto-exploring this place.
 F = Levels seen in this place.
 G = Mean time per level.
                   A        B        C        D        E       F      G
               +--------+--------+--------+--------+--------+-----+--------+
         Total |   2110 |   2105 |      5 |    624 |   1112 |   2 | 1055.0 |
       Dungeon |   2110 |   2105 |      5 |    624 |   1112 |   2 | 1055.0 |
               +--------+--------+--------+--------+--------+-----+--------+

Top non-repeatable levels by time:
     D:1: 1460 daAuts
     D:2: 650 daAuts
